 Dungeon Crawl Stone Soup version 0.21-a0-440-g28109cb (webtiles) character file.

4 sagitran the Charlatan (level 1, -1/9 HPs)
             Began as a Spriggan Artificer on Nov 11, 2017.
             Killed from afar by a dart slug (2 damage)
             ... with a slug dart
             ... on level 1 of the Dungeon.
             The game lasted 00:00:27 (71 turns).

sagitran the Charlatan (Spriggan Artificer)           Turns: 71, Time: 00:00:27

Health: -1/9       AC:  2    Str:  6 (8)  XL:     1   Next: 50%
Magic:  4/4        EV: 18    Int:  9 (12) God:
Gold:   0          SH:  0    Dex: 15 (16) Spells: 0/0 levels left

rFire    . . .     SeeInvis +   a - +0 short sword
rCold    . . .     Gourm    .   (shield restricted)
rNeg     . . .     Faith    .   b - +0 robe
rPois    .         Spirit   .   (helmet restricted)
rElec    .         Reflect  .   (no cloak)
rCorr    .         Harm     .   (gloves unavailable)
MR       .....                  (boots unavailable)
Stlth    ++........             (no amulet)
HPRegen  0.03/turn              (no ring)
MPRegen  0.09/turn              (no ring)

@: very quick
A: unfitting armour, see invisible, herbivore 3, speed 3, slow metabolism 2
a: no special abilities


You were on level 1 of the Dungeon.
You were not hungry.

You visited 1 branch of the dungeon, and saw 1 of its levels.

Inventory:

Hand Weapons
 a - a +0 short sword (weapon)
Armour
 b - a +0 robe (worn)
Wands
 c - a wand of flame (15/48)
 d - a wand of enslavement (15/24)
 e - a wand of random effects (15/48)
Comestibles
 f - a bread ration


   Skills:
 + Level 0.7 Fighting
 + Level 1.1 Short Blades
 + Level 3.0 Dodging
 + Level 1.5 Stealth
 + Level 4.4 Evocations


You couldn't memorise any spells.
You didn't know any spells.

Dungeon Overview and Level Annotations

Branches:
Dungeon (1/15)

Altars:


Innate Abilities, Weirdness & Mutations

You are very small and have problems with some larger weapons.
You are too small for most types of armour.
You have supernaturally acute eyesight. (SInv)
You are a herbivore.
You cover ground extremely quickly.
You need consume almost no food.


Message History

The dart slug misses you.
You hit the dart slug but do no damage.
The dart slug is heavily wounded.
The dart slug closely misses you.
You barely miss the dart slug.
The dart slug is heavily wounded.
The kobold hits you with a dagger.
You hit the dart slug.
The dart slug is almost dead.
The kobold hits you with a dagger. The dart slug misses you.
It was a potion of degeneration.
There was something very wrong with that liquid.
You feel weakened.
You feel dopey.
You feel clumsy. The kobold hits you with a dagger.
* * * LOW HITPOINT WARNING * * *
The dart slug completely misses you. The kobold completely misses you.
The dart slug launches a dart at you. The slug dart hits you!
You die...

.##.# ..
(8#.########...?........
.##.................>..
.#######.##...........# .
.# #.##.#....).#..# .. .#
#.##.#......#..#.#
.#######.##.............#
.......#.##.......w.....#
.#######.##.....@.......#
.###.....##.......K.....#
.#.............)........#
.#.#.#..........#........$
<#..............#.........
##..............#.........
..........................
......#+#.######..........
.###.. ### .........


You could see a dart slug and a kobold.

Vanquished Creatures
  A dart slug (D:1)
  A hobgoblin (D:1)
2 creatures vanquished.

Notes
Turn   | Place    | Note
-------+----------+-------------------------------------------
     0 | D:1      | sagitran the Spriggan Artificer began the quest for the Orb.
     0 | D:1      | Reached XP level 1. HP: 9/9 MP: 4/4
    71 | D:1      | Killed from afar by a dart slug

Vault maps used:
D:1:      lemuel_arrival_cross, minmay_shallow_snake_nest

Action                   || total
-------------------------++-------
Melee: Short sword       ||    20
  Use: Potion            ||     1
 Stab: Sleeping          ||     1
Armor: Robe              ||     1
Dodge: Dodged            ||    19

Table legend:
 A = Spawn XP
 B = Non-spawn XP
 C = Spawn XP percentage of total XP
 D = Spawn monster count
 E = Non-spawn monster count
 F = Spawn count percentage of total count
 G = Total turns spent on level
                    A         B        C        D         E        F      G
               +---------+---------+-------+---------+---------+-------+---------
         Total |       0 |       6 |   0.0 |       0 |       2 |   0.0 |    71
               +---------+---------+-------+---------+---------+-------+---------
           D:1 |       0 |       6 |   0.0 |       0 |       2 |   0.0 |    71
               +---------+---------+-------+---------+---------+-------+---------
